 Dungeon Crawl Stone Soup version 0.19.1 (console) character file.

260452 CALLOUS the Phalangite (level 20, -14/162 HPs)
             Began as a Merfolk Air Elementalist on Dec 15, 2016.
             Was a High Priest of Fedhas.
             Demolished by a deep troll (29 damage)
             ... on level 1 of the Depths on Dec 27, 2016.
             The game lasted 2 days 01:55:18 (82765 turns).

CALLOUS the Phalangite (MfAE)                  Turns: 82765, Time: 2 , 01:55:19

Health: -14/162    AC: 25    Str: 10    XL:     20   Next: 34%
Magic:  38/38      EV: 39    Int: 26    God:    Fedhas [*****.]
Gold:   847        SH:  0    Dex: 29    Spells: 9 memorised, 1 level left

rFire  + + .     SeeInvis .     K - +9 spear "Peqon" {pain, rC+ MR+ Int+4}
rCold  + + .     Gourm    .     r - +2 robe {rC+ rF+}
rNeg   . . .     Faith    +     (no shield)
rPois  .         Spirit   .     E - +0 helmet
rElec  +         Reflect  .     R - +2 cloak
rCorr  .         Harm     .     B - +2 pair of gloves {Dex+3}
MR     ++...                    m - +2 pair of boots
Stlth  +++++++...               s - amulet of faith
                                H - ring of magical power
                                L - ring "Vuneir" {rF+ Dex+5}

@: agile, icy armour (expiring), repel missiles, slow
A: change form in water, swift swim, stealthy swim, yellow scales 1, electricity
resistance, strong 1
a: Fungal Bloom, Evolution, Sunlight, Growth, Reproduction, Rain, Renounce
Religion
}: 1/15 runes: decaying


You were on level 1 of the Depths.
You worshipped Fedhas.
Fedhas was extremely pleased with you.
You were hungry.

You visited 7 branches of the dungeon, and saw 33 of its levels.
You visited 1 bazaar.
You also visited: Labyrinth.

You collected 3285 gold pieces.
You spent 2438 gold pieces at shops.

Inventory:

Hand Weapons
 a - the +1 dagger "Irorulat" {elec, +Blink MR+}
   (You found it on level 8 of the Dungeon)

   Occasionally, upon striking a foe, it will discharge some electrical energy
   and cause terrible harm.
   It affects your resistance to hostile enchantments.
   It lets you blink.
 b - a +3 halberd of venom
 n - a +4 arbalest
 A - the +8 spear of the Empty Page {freeze, rC+ Dex+2}
   (You bought it in a shop on level 7 of the Dungeon)

   It has been specially enchanted to freeze those struck by it, causing extra
   injury to most foes and up to half again as much damage against particularly
   susceptible opponents.
   It can also slow down cold-blooded creatures.
   It affects your dexterity (+2).
   It protects you from cold.
 K - the +9 spear "Peqon" (weapon) {pain, rC+ MR+ Int+4}
   (You bought it in a shop on level 7 of the Dungeon)

   In the hands of one skilled in necromantic magic, it inflicts extra damage on
   living creatures.
   It affects your intelligence (+4).
   It protects you from cold.
   It affects your resistance to hostile enchantments.
 M - a +2 glaive of flaming
 Z - a +0 blowgun
Missiles
 e - 304 arrows
 p - 69 poisoned needles
 u - 3 silver tomahawks
 S - 210 bolts
 U - 65 tomahawks (quivered)
 V - 9 throwing nets
 Y - 6 curare-tipped needles
Armour
 m - a +2 pair of boots (worn)
 r - a +2 robe of resistance (worn)
 B - a +2 pair of gloves of dexterity (worn)
 E - a +0 helmet (worn)
 R - a +2 cloak (worn)
Jewellery
 s - an amulet of faith (around neck)
 t - an uncursed ring of flight
 H - a ring of magical power (right hand)
 I - an uncursed ring of fire
 L - the ring "Vuneir" (left hand) {rF+ Dex+5}
   (You took it off an orc on level 9 of the Dungeon)

   [ring of protection from fire]

   It affects your dexterity (+5).
   It protects you from fire.
 P - an uncursed ring of positive energy
Wands
 f - a wand of flame (17/48)
 h - a wand of paralysis (6/24)
 w - a wand of teleportation (3/9)
 F - a wand of lightning (1/15)
 N - a wand of enslavement (9/24)
 O - a wand of iceblast (11/15)
 T - a wand of acid (7/15)
 W - a wand of confusion (25/48)
Scrolls
 c - 9 scrolls of fog
 j - 2 scrolls of vulnerability
 l - 4 scrolls of fear
 x - 2 scrolls of summoning
 y - a scroll of silence
 z - a scroll of magic mapping
 J - a scroll of immolation
Potions
 d - 2 potions of invisibility
 v - 8 potions of curing
 C - a potion of haste
 D - a potion of resistance
Miscellaneous
 g - a box of beasts
 i - 2 sacks of spiders
 q - a disc of storms
Comestibles
 k - 13 beef jerkies
 G - 6 royal jellies
 X - 19 fruits


   Skills:
 + Level 15.0 Fighting
 * Level 21.3 Polearms
 - Level 0.1 Crossbows
 * Level 19.9 Dodging
 + Level 11.5 Stealth
 - Level 2.0 Spellcasting
 - Level 0.7 Conjurations
 * Level 13.1 Charms
 * Level 12.8 Transmutations
 * Level 11.4 Ice Magic
 - Level 2.4 Air Magic
 * Level 5.0 Poison Magic
 * Level 13.1 Invocations
 + Level 1.8 Evocations


You had one spell level left.
You knew the following spells:

 Your Spells              Type           Power        Failure   Level  Hunger
a - Shock                 Conj/Air       ##..         6%          1    None
b - Repel Missiles        Chrm/Air       #####.       1%          2    ##.....
c - Swiftness             Chrm/Air       #####...     1%          2    ##.....
d - Static Discharge      Conj/Air       ##......     17%         3    ###....
e - Blink                 Tloc           N/A          17%         2    ##.....
f - Ice Form              Ice/Tmut       ######..     1%          4    ####...
g - Sticks to Snakes      Tmut           ######..     1%          2    ##.....
h - Ozocubu's Armour      Chrm/Ice       ######..     1%          3    ###....
i - Ignite Poison         Fire/Tmut/Pois ####....     3%          3    ###....


Dungeon Overview and Level Annotations

Branches:
Dungeon (15/15) Temple (1/1) D:6 Lair (6/6) D:11 Swamp (4/4) Lair:2 Spider (0/4) Lair:2 Lair:3 Slime (0/5) Lair:5 Orc (2/2) D:9 Elf (0/3) Orc:2 Vaults (4/5) D:14 Crypt (0/3) Vaults:3 Depths (1/5) D:15

Altars:
Ashenzari
Cheibriados
Dithmenos
Elyvilon
Fedhas
Gozag
Hepliaklqana
Kikubaaqudgha
Makhleb
Nemelex Xobeh
Okawaru
Qazlal
Ru
Sif Muna
Trog
Uskayaw
Vehumet
Xom
Yredelemnul
Zin
The Shining One
Beogh
Jiyva

Shops:
D:7 (   D:14 ?   Orc:2 %([?   Vaults:2 %   Vaults:3 }

Portals:
Trove: D:12 (give 4 potions of cure mutation)

Annotations:
D:1 1 exclusion
D:2 2 exclusions
D:3 1 exclusion
D:4 2 exclusions
D:5 1 exclusion
D:6 2 exclusions
D:7 2 exclusions
D:8 2 exclusions
D:9 2 exclusions
D:10 2 exclusions
D:11 2 exclusions
D:12 2 exclusions
D:13 2 exclusions
D:14 3 exclusions
D:15 1 exclusion
Lair:2 1 exclusion
Lair:3 1 exclusion
Lair:4 1 exclusion
Lair:5 1 exclusion
Lair:6 exclusions: dire elephant and 1 more exclusion
Swamp:1 1 exclusion
Swamp:2 2 exclusions
Swamp:3 2 exclusions
Swamp:4 1 exclusion
Orc:1 1 exclusion
Orc:2 1 exclusion
Vaults:2 exclusions: ice dragon and 1 more exclusion
Vaults:4 vsEmorningstarscale, exclusions: fire crab, shadow dragon, tentacled monstrosity and vault sentinel
Depths:1 exclusions: ice dragon, phantasmal warrior, stone giant and ugly thing


Innate Abilities, Weirdness & Mutations

You revert to your normal form in water.
You are very nimble and swift while swimming.
You are very stealthy in the water. (Stealth+)
You are partially covered in yellow scales. (AC +2)
You are resistant to electric shocks. (rElec)
Your muscles are strong. (Str +2)


Message History

Press: ? - help, Shift-Dir - straight line, f - deep troll
Aim: a deep troll (fast, unusually strong, chance to defeat MR: 32%)
Okay, then.
Unknown command.
Okay, then.
Okay, then.
Press: ? - help, v - describe, . - travel
Here: a deep troll (fast, unusually strong)
The floor, spattered with blood.
Zapping:
N - a wand of enslavement {zapped: 3} (will waste charges)
Press: ? - help, Shift-Dir - straight line, f - deep troll
Aim: a deep troll (fast, unusually strong, chance to defeat MR: 32%)
Okay, then.
Unknown command.
Unknown command.
Unknown command.
You feel agile all of a sudden. The deep troll bites you!!
You die...
Fedhas appreciates your contribution to the ecosystem.

######### # #.......# .
#.......# ######### . #....<..#
#.......# ( #.......#
###.......# ###( #.......#
#.TV......# #.(. #.....).#
##@#.......# ##.#. ###.......#
###..#.§.....####..#.
#.......?.#
#...##..T....##...##.
######....###.####.......#..###
. ######....##..# #.........##
. †...##.......## #....T..### .
.†..##....#### ######.## #
....####### #.# ....##.# ##.#
....##.# #..# #(####.#
##T######


You could see a vampire knight and a deep troll.

Vanquished Creatures
  Saint Roka (Orc:2)
  Kirke (Swamp:3)
  A storm dragon (Vaults:1)
  2 fire giants
  2 frost giants
  2 deep elf sorcerers (Vaults:1)
  13 vault wardens
  2 orc warlords
  A very ugly thing (Depths:1)
  11 ironheart preservers
  3 entropy weavers
  6 stone giants
  An ettin (Vaults:3)
  A deep elf death mage (Vaults:1)
  5 fire dragons
  A minotaur (Lab)
  A great orb of eyes (shapeshifter) (Vaults:1)
  A great orb of eyes (Vaults:3)
  An ice dragon (Vaults:1)
  6 yaktaur captains
  Harold (D:11)
  14 vault guards
  2 rakshasas
  26 hydras
  3 catoblepae
  9 centaur warriors
  13 alligators
  A death knight (Vaults:2)
  5 ogre magi
  2 tengu warriors (D:14)
  4 orc high priests (Orc:2)
  10 death yaks
  A deep troll shaman (Vaults:2)
  A deep troll earth mage (Vaults:2)
  Nergalle (Lair:4)
  2 shadow wraiths (Vaults:3)
  4 skeletal warriors (D:12)
  4 unseen horrors
  3 spriggan druids
  A glowing orange brain (Vaults:4)
  4 deep trolls
  11 hill giants
  6 wizards
  12 orc knights
  12 swamp dragons
  Pikel (Temple)
  3 deep elf archers
  3 phantasmal warriors
  4 harpies (Vaults:3)
  5 deep elf magi
  6 orc sorcerers
  20 ugly things
  A faun (shapeshifter) (D:13)
  12 ironbrand convokers
  A manticore (D:11)
  3 elephants (Lair:6)
  14 cyclopes
  4 centaur zombies
  5 black mambas
  The ghost of Kloppie the Skirmisher, a novice DsBe of Trog (D:6)
  11 vault sentinels
  A water nymph (shapeshifter) (D:13)
  3 gargoyles
  17 spiny frogs
  5 freezing wraiths
  3 kobold demonologists
  8 komodo dragons
  A rime drake (Lair:3)
  4 efreet
  30 yaktaurs
  A redback zombie (D:15)
  15 trolls
  3 polar bears (Lair:6)
  9 hornets
  6 meliai
  8 tyrant leeches
  A two-headed ogre (shapeshifter) (Vaults:2)
  77 slime creatures
  14 two-headed ogres
  9 blink frogs
  A hippogriff (shapeshifter) (D:15)
  11 bog bodies
  13 hippogriffs
  4 shadows
  A stone giant simulacrum (Vaults:3)
  Sigmund (D:3)
  5 redbacks
  A spriggan (shapeshifter) (Vaults:3)
  3 hogs (Swamp:3)
  A tarantella (shapeshifter) (Vaults:2)
  6 wyverns
  4 basilisks
  5 wraiths
  A hog (shapeshifter) (Vaults:2)
  4 spriggans
  46 yaks
  15 vampire mosquitoes
  A human simulacrum (Vaults:2)
  28 humans
  5 hungry ghosts
  9 insubstantial wisps
  11 wargs
  A warg (shapeshifter) (D:14)
  2 mottled dragons
  22 swamp worms
  A water moccasin (shapeshifter) (Vaults:1)
  2 hell hounds (D:11)
  10 porcupines
  12 water moccasins
  12 swamp drakes
  3 ice beasts
  60 orc warriors
  A hornet zombie (D:12)
  4 phantoms
  5 sky beasts
  A black bear (D:8)
  An eye of draining (D:9)
  3 boggarts
  39 ogres
  13 wolves
  27 centaurs
  10 crocodiles
  5 big kobolds
  27 bullfrogs
  2 wyvern skeletons
  3 scorpions
  A water moccasin skeleton (D:9)
  24 killer bees
  23 wights
  4 howler monkeys
  4 electric eels
  11 crimson imps
  6 bullfrog zombies
  9 hounds
  3 bullfrog skeletons
  21 orc priests
  10 jellies
  30 orc wizards
  11 centaur skeletons
  Jessica (D:3)
  Ijyb (D:2)
  8 iguanas
  15 worker ants
  2 killer bee zombies
  A hound zombie (D:4)
  A hound skeleton (D:9)
  Robin (D:4)
  A howler monkey zombie (D:8)
  A worker ant zombie (D:9)
  16 gnolls
  18 adders
  A howler monkey skeleton (D:8)
  7 shadow imps
  6 oozes
  2 adder zombies (D:5)
  3 adder skeletons
  A worm (shapeshifter) (D:15)
  4 dart slugs
  3 worms
  6 leopard geckos
  143 orcs
  8 giant cockroaches
  16 goblins
  13 hobgoblins
  15 jackals
  44 kobolds
  6 quokkas
  4 ball pythons
  7 bats
  6 frilled lizards
  A goblin zombie (D:4)
  2 hobgoblin zombies (D:4)
  2 kobold skeletons (D:4)
  2 kobold zombies (D:4)
  2 leopard gecko skeletons
  A leopard gecko zombie (D:5)
  2 orc skeletons (D:4)
  A quokka zombie (D:7)
  10 rats
  17 ballistomycetes
  7 ballistomycete spores
  4 hyperactive ballistomycetes
1534 creatures vanquished.

Vanquished Creatures (collateral kills)
  Jorgrun (Vaults:4)
  2 ironheart preservers
  Snorg (Orc:2)
  2 yaktaur captains
  A centaur warrior (D:13)
  6 ogre magi
  An orc high priest (Orc:2)
  A wizard (Vaults:1)
  A deep elf archer (Vaults:1)
  A hill giant (D:13)
  An ironbrand convoker (Vaults:2)
  A wolf spider (Vaults:3)
  A cyclops (Vaults:2)
  A vault sentinel (Vaults:2)
  An ugly thing (Vaults:2)
  A gargoyle (Vaults:1)
  3 yaktaurs
  2 two-headed ogres
  A hippogriff (D:11)
  A redback (Vaults:3)
  5 ogres
  2 centaurs
  A worker ant (D:11)
  5 orcs
  2 kobolds (D:11)
  5 ballistomycete spores
  9 hyperactive ballistomycetes
59 creatures vanquished.

Vanquished Creatures (others)
  3 thorn hunters
  A stone giant (Vaults:3)
  A vault guard (Vaults:1)
  2 hydras
  An alligator (Swamp:3)
  2 ironbrand convokers
  A wandering mushroom (D:11)
  A shambling mangrove (Swamp:4)
  A yaktaur (Vaults:1)
  2 hornets (Swamp:4)
  A shadow (Swamp:1)
  2 humans (Swamp:3)
  2 swamp drakes
  A centaur (D:14)
  An orc (Vaults:2)
  181 ballistomycetes
  44 ballistomycete spores
  33 fungi
  14 hyperactive ballistomycetes
  15 plants
  30 toadstools
339 creatures vanquished.

Grand Total: 1932 creatures vanquished

Notes
Turn   | Place    | Note
-------+----------+-------------------------------------------
     0 | D:1      | CALLOUS the Merfolk Air Elementalist began the quest for the Orb.
     0 | D:1      | Reached XP level 1. HP: 13/13 MP: 3/3
   369 | D:1      | Reached XP level 2. HP: 15/19 MP: 0/5
   373 | D:1      | Learned a level 2 spell: Repel Missiles
   376 | D:1      | Learned a level 2 spell: Swiftness
  1401 | D:1      | Reached XP level 3. HP: 23/24 MP: 6/6
  1691 | D:2      | Noticed Ijyb
  1862 | D:3      | Noticed Sigmund
  1936 | D:3      | Noticed Jessica
  2037 | D:3      | Reached skill level 1 in Charms
  2385 | D:2      | Reached XP level 4. HP: 31/31 MP: 7/7
  3073 | D:3      | Reached skill level 5 in Dodging
  3166 | D:2      | Reached skill level 1 in Polearms
  3654 | D:2      | Reached XP level 5. HP: 36/36 MP: 8/8
  3853 | D:2      | Reached skill level 1 in Fighting
  4566 | D:4      | Noticed Robin
  4751 | D:4      | Found a glowing golden altar of the Shining One.
  4822 | D:4      | Reached skill level 2 in Polearms
  4993 | D:4      | Killed Robin
  5168 | D:4      | Reached skill level 3 in Polearms
  5168 | D:4      | Reached XP level 6. HP: 31/44 MP: 2/9
  5439 | D:4      | Reached skill level 4 in Polearms
  5514 | D:5      | Entered Level 5 of the Dungeon
  5840 | D:5      | Reached XP level 7. HP: 51/51 MP: 10/10
  5863 | D:5      | Reached skill level 5 in Polearms
  6067 | D:4      | Reached skill level 6 in Polearms
  6621 | D:2      | Killed Ijyb
  6688 | D:3      | Gained mutation: Your muscles are strong. (Str +2) [potion of mutation]
  6688 | D:3      | Gained mutation: You are partially covered in yellow scales. (AC +2) [potion of mutation]
  6688 | D:3      | Gained mutation: You are resistant to electric shocks. (rElec) [potion of mutation]
  7029 | D:6      | Reached skill level 7 in Polearms
  7029 | D:6      | Reached XP level 8. HP: 47/58 MP: 7/11
  7190 | D:6      | Found a staircase to the Ecumenical Temple.
  7229 | Temple   | Entered the Ecumenical Temple
  7336 | Temple   | Became a worshipper of Fedhas Madash
  7341 | Temple   | Learned a level 3 spell: Static Discharge
  7497 | D:6      | Noticed Kloppie's ghost (novice DsBe)
  7912 | D:5      | Got an iridescent trident
  8128 | D:7      | Learned a level 2 spell: Blink
  8346 | D:7      | Found Kitytu's Antique Weapon Boutique.
  8356 | D:7      | Reached skill level 8 in Polearms
  8356 | D:7      | Reached skill level 1 in Invocations
  9194 | D:8      | Noticed a deep elf mage
  9366 | D:8      | Reached skill level 9 in Polearms
  9366 | D:8      | Reached XP level 9. HP: 59/65 MP: 12/12
  9608 | D:8      | Noticed a deep elf mage
 10407 | D:9      | Reached skill level 10 in Polearms
 10466 | D:9      | Reached skill level 5 in Fighting
 10609 | D:9      | Noticed a hill giant
 10642 | D:9      | Reached * piety under Fedhas
 10671 | D:9      | Reached skill level 5 in Charms
 10719 | D:10     | Entered Level 10 of the Dungeon
 10731 | D:10     | Noticed a komodo dragon
 10976 | D:11     | Reached skill level 10 in Dodging
 10976 | D:11     | Reached XP level 10. HP: 40/74 MP: 7/13
 11199 | D:11     | Found a staircase to the Lair.
 11236 | D:11     | Reached skill level 11 in Polearms
 11666 | D:11     | Noticed Harold
 11670 | D:12     | Noticed a skeletal warrior
 11713 | D:11     | Noticed a hill giant
 12189 | D:9      | Reached skill level 5 in Stealth
 12699 | D:7      | Reached skill level 12 in Polearms
 13473 | D:4      | Got a faintly glowing hunting sling
 13892 | D:3      | Killed Jessica
 14325 | D:5      | Found a stormy altar of Qazlal.
 14415 | D:5      | Reached ** piety under Fedhas
 14485 | D:6      | Killed Kloppie's ghost
 14898 | D:6      | Reached XP level 11. HP: 64/82 MP: 14/14
 15262 | D:6      | Noticed Pikel
 15293 | Temple   | Killed Pikel
 15293 | Temple   | Reached skill level 5 in Invocations
 15959 | D:3      | Killed Sigmund
 17356 | D:8      | Reached skill level 13 in Polearms
 18083 | D:9      | Found a roughly hewn altar of Beogh.
 18083 | D:9      | Found a staircase to the Orcish Mines.
 19056 | D:9      | Reached *** piety under Fedhas
 19229 | D:9      | Noticed a centaur warrior
 19380 | D:9      | Killed a centaur warrior
 19565 | D:9      | Got a shimmering lead ring
 20590 | D:10     | Reached skill level 14 in Polearms
 21306 | Lair:1   | Entered Level 1 of the Lair of Beasts
 21420 | Lair:1   | Found a labyrinth entrance.
 21442 | Lab      | Entered a labyrinth
 21668 | Lab      | Noticed a minotaur
 21703 | Lab      | Killed a minotaur
 21703 | Lab      | Reached XP level 12. HP: 78/92 MP: 13/16
 22241 | Lair:1   | Identified the +10 trident "Sarcophage" {pain, *Contam Str+2 Dex+3} (You found it on level 5 of the Dungeon)
 22687 | Lair:3   | Found a hole to the Spider Nest.
 22986 | Lair:3   | Reached skill level 15 in Polearms
 23118 | Lair:3   | Learned a level 4 spell: Ice Form
 23746 | Lair:1   | Identified the ring "Vuneir" {rF+ Dex+5} (You took it off an orc on level 9 of the Dungeon)
 23747 | Lair:1   | Identified the +7 hunting sling of the Skies Above {velocity, Fragile +Inv rPois} (You took it off an orc on level 4 of the Dungeon)
 23951 | D:9      | Reached skill level 1 in Transmutations
 24127 | D:9      | Reached skill level 1 in Ice Magic
 24402 | D:7      | Bought an ancient spear for 232 gold pieces
 24402 | D:7      | Identified the +9 spear "Peqon" {pain, rC+ MR+ Int+4} (You bought it in a shop on level 7 of the Dungeon)
 24403 | D:7      | Bought an encrusted spear for 232 gold pieces
 24403 | D:7      | Identified the +8 spear of the Empty Page {freeze, rC+ Dex+2} (You bought it in a shop on level 7 of the Dungeon)
 24636 | D:8      | Found a burning altar of Makhleb.
 24647 | D:8      | Got a transparent dagger
 25181 | Lair:4   | Noticed a seven-headed hydra
 25244 | Lair:1   | Identified the +1 dagger "Irorulat" {elec, +Blink MR+} (You found it on level 8 of the Dungeon)
 25326 | Lair:5   | Found a viscous altar of Jiyva.
 25327 | Lair:5   | Found a staircase to the Slime Pits.
 25357 | Lair:5   | Noticed a death yak
 25387 | Lair:6   | Entered Level 6 of the Lair of Beasts
 25724 | Lair:6   | Reached **** piety under Fedhas
 26467 | Lair:6   | Reached XP level 13. HP: 101/101 MP: 18/18
 26967 | Lair:6   | Reached skill level 16 in Polearms
 28373 | Lair:1   | Learned a level 2 spell: Sticks to Snakes
 28496 | Orc:1    | Entered Level 1 of the Orcish Mines
 29060 | Orc:1    | Reached skill level 10 in Fighting
 29203 | Orc:2    | Entered Level 2 of the Orcish Mines
 29209 | Orc:2    | Noticed an orc warlord
 29993 | Lair:1   | Reached ***** piety under Fedhas
 31310 | D:13     | Found a blossoming altar of Fedhas.
 31571 | D:13     | Reached skill level 5 in Transmutations
 31946 | D:13     | Found a shimmering altar of Xom.
 33250 | Lair:2   | Reached XP level 14. HP: 111/111 MP: 19/19
 33705 | Lair:2   | Found a staircase to the Swamp.
 34248 | Lair:1   | Reached skill level 5 in Ice Magic
 35018 | Lair:4   | Noticed Nergalle
 35345 | Lair:4   | Killed Nergalle
 37759 | Lair:6   | Reached skill level 17 in Polearms
 37916 | Lair:6   | Noticed a dire elephant
 38261 | Swamp:1  | Entered Level 1 of the Swamp
 38394 | Swamp:1  | Reached skill level 15 in Dodging
 39360 | Lair:2   | Reached ****** piety under Fedhas
 39591 | Swamp:1  | Noticed a thorn hunter
 39653 | Swamp:1  | Killed a thorn hunter
 39779 | Swamp:1  | Reached XP level 15. HP: 117/119 MP: 21/21
 41200 | D:11     | Killed Harold
 42211 | Swamp:1  | Reached skill level 10 in Charms
 45881 | Swamp:3  | HP: 5/120 [something[the player character] (18)]
 46751 | Swamp:3  | Noticed Kirke
 46826 | Swamp:3  | Noticed a sphinx
 46839 | Swamp:3  | Killed Kirke
 46839 | Swamp:3  | Reached skill level 18 in Polearms
 47324 | Swamp:3  | Noticed a thorn hunter
 47951 | Swamp:4  | Entered Level 4 of the Swamp
 47967 | Swamp:3  | Reached XP level 16. HP: 128/128 MP: 23/23
 48836 | Swamp:4  | Killed a thorn hunter
 48857 | Swamp:4  | Killed a thorn hunter
 49515 | Swamp:3  | Reached skill level 10 in Invocations
 50036 | Swamp:4  | Learned a level 3 spell: Ozocubu's Armour
 50565 | Swamp:4  | Got a decaying rune of Zot
 52618 | D:12     | Reached skill level 1 in Evocations
 53022 | D:12     | Found a portal to a secret trove of treasure.
 53226 | D:14     | Found Paelir's Magic Scroll Boutique.
 53232 | D:14     | Bought a scroll of summoning for 180 gold pieces
 53232 | D:14     | Bought a scroll of silence for 142 gold pieces
 53232 | D:14     | Bought a scroll of vulnerability for 142 gold pieces
 54897 | D:13     | Reached skill level 10 in Transmutations
 55295 | D:14     | Reached XP level 17. HP: 135/135 MP: 24/24
 55670 | D:14     | Found a gate to the Vaults.
 55713 | D:14     | Identified the +3 great sword of Weur {flame, Fragile +Blink MR+} (You found it on level 14 of the Dungeon)
 56180 | D:13     | Reached skill level 19 in Polearms
 56473 | D:14     | Bought a scroll of random uselessness for 19 gold pieces
 56473 | D:14     | Bought a scroll of acquirement for 988 gold pieces
 56990 | Vaults:1 | Entered Level 1 of the Vaults
 57517 | Vaults:1 | Found a flickering gateway to a bazaar.
 57543 | Bazaar   | Entered a bazaar
 57557 | Bazaar   | Found Catetuwo's Gadget Shoppe.
 57557 | Bazaar   | Found Jolul's Armour Emporium.
 57578 | Bazaar   | Found Sudass's Food Shoppe.
 57578 | Bazaar   | Found Ifut Tosk's Magic Scroll Emporium.
 57599 | Bazaar   | Found Jeusuot's Antique Armour Shoppe.
 57599 | Bazaar   | Found Nitwab's Book Emporium.
 57630 | Bazaar   | Bought a smoking robe for 125 gold pieces
 57644 | Bazaar   | Bought a fruit for 18 gold pieces
 57644 | Bazaar   | Bought 5 fruits for 90 gold pieces
 57796 | Vaults:1 | Identified the +1 robe of Tender Moments {rF+ Str-3 Dex+3 Stlth+} (You bought it in a shop in a bazaar)
 61734 | Vaults:1 | Reached skill level 10 in Stealth
 62584 | Vaults:2 | Paralysed by a hornet for 2 turns
 63268 | Vaults:2 | Reached XP level 18. HP: 60/144 MP: 12/26
 65436 | Vaults:2 | Reached skill level 20 in Polearms
 65640 | Vaults:2 | Reached skill level 10 in Ice Magic
 66657 | Vaults:2 | Found Woomneuk's Food Emporium.
 69604 | Orc:2    | Noticed Snorg
 69639 | Orc:2    | Killed Snorg
 70009 | Orc:2    | Found a roughly hewn altar of Beogh.
 70462 | Orc:2    | Found a roughly hewn altar of Beogh.
 70476 | Orc:2    | Found Ruzek's Food Emporium.
 70713 | Orc:2    | Found a staircase to the Elven Halls.
 70956 | Orc:2    | Found a roughly hewn altar of Beogh.
 71346 | Orc:2    | Found a roughly hewn altar of Beogh.
 71360 | Orc:2    | Found Loacki's Magic Scroll Boutique.
 71366 | Orc:2    | Bought 3 scrolls of fog for 78 gold pieces
 71780 | Orc:2    | Noticed Saint Roka
 71835 | Orc:2    | Found Axzori's Antique Weapon Boutique.
 71932 | Orc:2    | Found Gifor's Antique Armour Shop.
 71932 | Orc:2    | Found a roughly hewn altar of Beogh.
 71961 | Orc:2    | Killed Saint Roka
 71961 | Orc:2    | Reached XP level 19. HP: 58/153 MP: 9/28
 72280 | Orc:2    | Bought a warped shortbow for 192 gold pieces
 72636 | Lair:1   | Identified the cursed +1 shortbow of Battle {freeze, -Tele rElec MR+ Int+5} (You bought it in a shop on level 2 of the Orcish Mines)
 72740 | Lair:1   | Learned a level 3 spell: Ignite Poison
 73873 | Vaults:3 | Reached skill level 1 in Poison Magic
 74764 | Vaults:3 | Found a staircase to the Crypt.
 74764 | Vaults:3 | Found an ancient bone altar of Kikubaaqudgha.
 74765 | Vaults:3 | Found a basalt altar of Yredelemnul.
 75180 | Vaults:3 | Found Jucsaryx's Gadget Boutique.
 76052 | Vaults:3 | Reached skill level 21 in Polearms
 77902 | Vaults:4 | Noticed Jorgrun
 77921 | Vaults:4 | Killed Jorgrun
 77968 | Vaults:4 | HP: 5/153 [phantasmal warrior (24)]
 78006 | Vaults:4 | Noticed a tentacled monstrosity
 78625 | D:15     | Entered Level 15 of the Dungeon
 78674 | D:15     | Found a stormy altar of Qazlal.
 79122 | D:15     | Reached XP level 20. HP: 112/160 MP: 29/29
 79586 | D:15     | Found a deep blue altar of Sif Muna.
 80903 | D:15     | Found a staircase to the Depths.
 81387 | Depths:1 | Entered Level 1 of the Depths
 82523 | Depths:1 | Reached skill level 5 in Poison Magic
 82617 | Depths:1 | Reached skill level 15 in Fighting
 82733 | Depths:1 | Paralysed by a vampire knight for 2 turns
 82765 | Depths:1 | Demolished by a deep troll

Skill      XL: |  1  2  3  4  5  6  7  8  9 10 11 12 13 14 15 16 17 18 19 20 |
---------------+-------------------------------------------------------------+-----
Dodging        | 3 4 5 6 8 10 11 12 13 14 15 16 17 18 19 | 19.9
Charms         | 1 2 3 4 5 6 7 8 9 10 11 12 13 | 13.1
Polearms       | 1 3 4 7 9 10 12 14 15 16 17 18 19 20 21 | 21.3
Fighting       | 1 2 3 4 5 6 7 9 10 11 12 13 14 15 | 15.0
Stealth        | 3 4 5 6 8 9 10 11 | 11.5
Invocations    | 2 3 4 6 7 8 9 10 11 12 13 | 13.1
Transmutations | 3 5 7 8 10 11 12 | 12.8
Ice Magic      | 2 4 6 7 8 9 10 11 | 11.4
Evocations     | 1 |  1.8
Poison Magic   | 3 5 |  5.0
Crossbows      | |  0.1
Spellcasting   | |  2.0
Conjurations   | |  0.7
Air Magic      | |  2.4

Action                   |  1- 3 |  4- 6 |  7- 9 | 10-12 | 13-15 | 16-18 | 19-21 || total
-------------------------+-------+-------+-------+-------+-------+-------+-------++-------
Melee: Unarmed           |    37 |       |       |       |   137 |    52 |    61 ||   287
       Dagger            |    55 |    95 |   156 |    31 |    39 |   112 |    63 ||   551
       Short sword       |     5 |    17 |     2 |       |       |       |       ||    24
       Halberd           |       |    67 |    94 |   278 |       |   343 |   321 ||  1103
       Spear             |       |       |    43 |   726 |  1808 |  2330 |   693 ||  5600
       Shortbow          |       |       |     1 |       |       |       |       ||     1
       Trident           |       |       |       |    29 |       |   281 |       ||   310
       Tailslap          |       |       |       |     2 |   126 |    96 |     6 ||   230
       Scimitar          |       |       |       |       |    44 |    65 |       ||   109
       Staff             |       |       |       |       |       |     1 |       ||     1
       Glaive            |       |       |       |       |       |       |     4 ||     4
 Fire: Hunting sling     |       |    30 |    31 |   132 |   345 |   123 |       ||   661
       Shortbow          |       |       |   109 |   354 |   211 |   473 |    15 ||  1162
       Blowgun           |       |       |       |       |       |   126 |    38 ||   164
       Arbalest          |       |       |       |       |       |       |    74 ||    74
       Longbow           |       |       |       |       |       |       |     4 ||     4
Throw: Stone             |   105 |   145 |    16 |    12 |     8 |     1 |       ||   287
       Tomahawk          |       |       |     4 |    19 |    72 |    73 |    13 ||   181
 Cast: Shock             |    22 |    34 |    83 |   134 |    33 |     9 |     2 ||   317
       Repel Missiles    |     2 |     1 |     1 |     3 |     3 |     7 |     2 ||    19
       Blink             |       |       |       |     3 |     4 |    12 |    15 ||    34
       Ice Form          |       |       |       |       |    17 |     6 |     4 ||    27
       Sticks to Snakes  |       |       |       |       |     2 |    48 |    29 ||    79
       Ozocubu's Armour  |       |       |       |       |       |    78 |    53 ||   131
       Swiftness         |       |       |       |       |       |     1 |       ||     1
Invok: Fungal Bloom      |       |       |     2 |     7 |     1 |       |       ||    10
       Sunlight          |       |       |       |     2 |     5 |     7 |     9 ||    23
       Rain              |       |       |       |       |     2 |     1 |       ||     3
       Evolution         |       |       |       |       |     1 |    16 |    11 ||    28
       Reproduction      |       |       |       |       |     1 |     5 |     4 ||    10
       Growth            |       |       |       |       |       |       |     1 ||     1
 Abil: End Transformatio |       |       |       |       |     3 |     4 |     3 ||    10
       Evoke Blink       |       |       |       |       |     3 |     7 |       ||    10
Evoke: Wand              |       |       |       |     1 |     3 |    16 |     6 ||    26
       Sack of spiders   |       |       |       |       |     5 |     2 |       ||     7
       Disc of storms    |       |       |       |       |       |     3 |     3 ||     6
       Box of beasts     |       |       |       |       |       |       |     1 ||     1
  Use: Potion            |     3 |     1 |     2 |       |     2 |       |     5 ||    13
       Scroll            |       |       |       |    19 |     4 |     4 |     7 ||    34
 Stab: Sleeping          |     1 |     1 |     2 |    22 |    27 |    11 |    12 ||    76
       Distracted        |       |     2 |     4 |     4 |     1 |    14 |    11 ||    36
       Paralysed         |       |       |       |     2 |       |     2 |     1 ||     5
       Petrified         |       |       |       |       |     3 |       |       ||     3
       Confused          |       |       |       |       |     3 |    23 |     9 ||    35
  Eat: Chunk             |     5 |    12 |    13 |    39 |    47 |    54 |    31 ||   201
       Meat ration       |       |       |     1 |     4 |     2 |     1 |     1 ||     9
       Pizza             |       |       |     1 |       |       |       |       ||     1
       Bread ration      |       |       |       |       |     3 |     8 |       ||    11
       Beef jerky        |       |       |       |       |     1 |       |       ||     1
       Royal jelly       |       |       |       |       |       |       |     4 ||     4
Armor: Robe              |    12 |    19 |    49 |    73 |   122 |   297 |   114 ||   686
       Ring mail         |       |       |       |    70 |       |       |       ||    70
       Skin              |       |       |       |       |    14 |     5 |     7 ||    26
       Swamp dragon scal |       |       |       |       |   103 |   118 |       ||   221
Dodge: Dodged            |    96 |   120 |   282 |   633 |  1286 |  2291 |   976 ||  5684
       Deflected         |     4 |     1 |     3 |    11 |    12 |    35 |    17 ||    83
       Rpst.: Scimitar   |       |       |       |       |    19 |    29 |       ||    48
